 Dungeon Crawl Stone Soup version 0.30-b1-2-g02819fbbbe (webtiles) character file.

Game seed: 15308132791007905861

43 nightchill the Shooter (level 3, -1/29 HPs)
             Began as a Barachi Hunter on Sept 19, 2023.
             Killed from afar by an orc wizard (5 damage)
             ... with a puff of flame
             ... on level 3 of the Dungeon.
             The game lasted 00:01:54 (955 turns).

nightchill the Shooter (Barachi Hunter)              Turns: 955, Time: 00:01:55

Health: -1/29      AC:  9    Str: 12    XL:     3   Next: 58%
Magic:  3/3        EV:  6    Int:  9    God:
Gold:   68         SH:  0    Dex: 17    Spells: 2/2 levels left

rFire   . . .        a - +0 shortbow
rCold   . . .        (shield currently unavailable)
rNeg    . . .        g - +0 chain mail
rPois   .            (no helmet)
rElec   .            (no cloak)
rCorr   .            (no gloves)
SInv    .            h - +0 pair of boots
Will    .....        (no amulet) Stlth
                     (no ring)
HPRegen 0.24/turn    (no ring)
MPRegen 0.08/turn

%: no passive effects
@: confused, mighty, hasted, quick
A: amphibious, slowness 1, strong legs 1, +LOS
a: Hop


You were on level 3 of the Dungeon.
You visited 1 branch of the dungeon, and saw 3 of its levels.

You collected 68 gold pieces.

Inventory:

Hand Weapons
 a - a +0 shortbow (weapon)
Armour
 c - a +0 leather armour
 g - a +0 chain mail (worn)
 h - a +0 pair of boots (worn)
Scrolls
 b - a scroll of immolation
 d - a scroll of blinking {unknown}
 f - 2 scrolls of butterflies {unknown}
 i - a scroll of identify {unknown}
 j - a scroll of magic mapping {unknown}


   Skills:
 + Level 3.3 Fighting
 * Level 4.8 Ranged Weapons
 - Level 2.1 Dodging
 - Level 0.8 Stealth


You had 2 spell levels left.
You didn't know any spells.
Your spell library was empty.

Dungeon Overview and Level Annotations

Branches:
Dungeon (2/15)

Altars:


Innate Abilities, Weirdness & Mutations

You are amphibious.
You cover ground slowly.
You can hop short distances.
You have an extended range of vision and can be seen from far away.


Message History

You hear some strange, mumbled words.
A puff of flame appears from out of thin air!
The puff of flame hits you but does no damage.
Something hits you but does no damage.
You barely miss something. Something hits you but does no damage.
You completely miss something. Something hits you.
* * * LOW HITPOINT WARNING * * *
Something hits you.
* * * LOW HITPOINT WARNING * * *
You miss something.
You hear some strange, mumbled words.
You are more confused.
It was a potion of haste.
You feel yourself speed up. Something hits you but does no damage.
You're too confused to move!
You hear some strange, mumbled words.
You are more confused.
It was a potion of might.
You feel very mighty all of a sudden. Something hits you but does no damage.
You bump into the rock wall.
You completely miss something.
You hear some strange, mumbled words.
Something tries to affect you, but you resist.
You closely miss something. Something hits you.
* * * LOW HITPOINT WARNING * * *
A magic dart appears from out of thin air!
The magic dart hits you but does no damage.
Unknown command.
You're too confused to move!
You hear some strange, mumbled words.
You are more confused.
Found a chain mail.
Found a stone staircase leading down.
You closely miss something. Something hits you.
* * * LOW HITPOINT WARNING * * *
You hear some strange, mumbled words.
A puff of flame appears from out of thin air!
The puff of flame hits you.
You die...

...# #.# #.# ##.#
#.####.#.# ...# ###.....
#.# #..###...#.####.# ####
................# .[..>
...###.#........####......
.........#.###..{.........
.........#.# #............
.##.##...#.# #..@....#####
....##...#.# #.......#
.......#.#.# #.......#
##...#...#.# #.......#
##...#.###.# ##.######
.....#.....# #..
##...>.....####.#.#
..................#
####.####..######.#


There were no monsters in sight!

Vanquished Creatures
  An adder (D:3)
  2 worms (D:3)
  2 orcs (D:3)
  A ball python (D:3)
  2 bats
  2 endoplasms (D:1)
  A giant cockroach (D:1)
  A goblin (D:1)
  6 hobgoblins (D:1)
  4 kobolds
22 creatures vanquished.

Notes
Turn   | Place    | Note
-------+----------+-------------------------------------------
     0 | D:1      | nightchill the Barachi Hunter began the quest for the Orb.
     0 | D:1      | Reached XP level 1. HP: 17/17 MP: 1/1
   148 | D:1      | Reached XP level 2. HP: 23/23 MP: 2/2
   769 | D:2      | You fall into a shaft and drop 1 floor!
   776 | D:3      | Reached XP level 3. HP: 29/29 MP: 3/3
   955 | D:3      | Killed from afar by an orc wizard

Illustrated notes

Levels and vault maps discovered:
D:1:      erik_arrival_cave_to_civilisation [erik_arrival_cave_to_hall],
          layout_basic
D:2:      layout_basic, serial_shops, nicolae_shop_tiny_statue_garden, shop,
          shop, nicolae_shop_drivethru, minmay_split_cup_large
D:3:      layout_basic, overflow_temple_1_default, old_standard_altar

Skill      XL: |  1  2 |
---------------+-------+-----
Fighting       | 3 |  3.3
Ranged Weapons | |  4.8
Dodging        | |  2.1
Stealth        | |  0.8

Action                     || total
---------------------------++-------
  Melee: Shortbow          ||     8
   Fire: Shortbow          ||    67
    Use: Potion            ||     2
 Armour: Leather armour    ||     2
         Chain mail        ||    15
  Dodge: Dodged            ||     9
